 Dungeon Crawl Stone Soup version 0.29-a0-284-gf9362112df (webtiles) character file.

Game seed: 11087598727090902047

561426 juncz the Ice Dragon (level 25, -15/238 HPs)
             Began as a Purple Draconian Ice Elementalist on Mar 16, 2022.
             Was the Champion of Vehumet.
             Killed by drain life
             ... invoked by a deathcap
             ... summoned by a curse toe
              (23 damage)
             ... on level 3 of the Realm of Zot on Mar 17, 2022.
             The game lasted 06:11:40 (102314 turns).

juncz the Ice Dragon (DrIE)                       Turns: 102314, Time: 06:11:40

Health: -15/238    AC: 26    Str: 11      XL:     25   Next: 36%
Magic:  20/50      EV: 16    Int: 31 (32) God:    Vehumet [******]
Gold:   936        SH:  9    Dex: 14 (15) Spells: 10/70 levels left

rFire   + + .      SeeInvis .   M - staff of cold
rCold   + . .      Faith    .   A - +3 buckler {reflect}
rNeg    . . .      Spirit   .   (body armour unavailable)
rPois   +          Reflect  +   G - +2 hat
rElec   .          Harm     .   D - +2 cloak {Will+}
rCorr   +          Rampage  .   l - +2 pair of gloves
Will    +++++                   y - +5 pair of boots of Meij {rCorr}
Stlth   ++........              I - amulet of regeneration
HPRegen 1.29/turn               N - ring "Guafunus" {rF++ Will+ Int+6 Dex+2}
MPRegen 0.32/turn               j - ring of poison resistance

@: in a vortex, unable to drink, flying (expiring), slowed, very slow
A: breathe power, AC +12, unfitting armour, cold-blooded, antennae 1
}: 3/15 runes: decaying, serpentine, slimy
a: Breathe Dispelling Energy, Renounce Religion


You were on level 3 of the Realm of Zot.
You worshipped Vehumet.
Vehumet was exalted by your worship.
You visited 11 branches of the dungeon, and saw 52 of its levels.
You visited 1 bazaar.
You also visited: Bailey, Gauntlet, Ice Cave and Volcano.

You collected 7158 gold pieces.
You spent 6222 gold pieces at shops.

Inventory:

Hand Weapons
 E - the +9 staff of Wucad Mu {*channel}
   (You found it on level 3 of the Elven Halls)

   It occasionally powers its wielder's spells, but with a chance of causing
   confusion or draining the wielder's intelligence.
   It becomes more likely to activate and less likely to backfire with increased
   Evocations skill.
Missiles
 S - 2 throwing nets (quivered)
Armour
 l - a +2 pair of gloves (worn)
 y - the +5 pair of boots of Meij (worn) {rCorr}
   (You found it on level 7 of the Dungeon)

   rCorr:     It protects you from acid and corrosion.
 A - a +3 buckler of reflection (worn)
 D - a +2 cloak of willpower (worn)
 G - a +2 hat (worn)
 O - a scarf of resistance
 W - a +2 cloak of poison resistance
Magical Staves
 M - a staff of cold (weapon)
Jewellery
 a - a ring of protection from cold
 d - a ring of ice
 h - a ring of protection from cold
 j - a ring of poison resistance (right hand)
 m - the amulet "Inou" {RegenMP Slay+2}
   (You took it off a deep elf master archer on level 3 of the Elven Halls)

   [amulet of magic regeneration]

   It increases your rate of magic regeneration.
   Slay:      It affects your accuracy & damage with ranged weapons and melee
   (+2).
 o - the ring "Tedghaski" {+Blink Will- MP+9 Str-3 Stlth+}
   (You found it on level 13 of the Dungeon)

   [ring of magical power]

   Str:       It affects your strength (-3).
   MP:        It affects your magic capacity (+9).
   +Blink:    It lets you blink.
   Will:      It decreases your willpower.
   Stlth:     It makes you more stealthy.
 p - a ring of positive energy
 q - the ring "Intushiy" {Int+6 SInv}
   (You found it on level 4 of the Dungeon)

   [ring of intelligence]

   Int:       It affects your intelligence (+6).
   SInv:      It lets you see invisible.
 t - a ring of magical power
 v - the ring of Iwuyn {Ice Will+ Str+4}
   (You took it off Josephina on level 3 of the Depths)

   [ring of ice]

   It enhances your ice magic.
   Str:       It affects your strength (+4).
   rF:        It makes you vulnerable to fire.
   rC:        It protects you from cold.
   Will:      It increases your willpower.
 x - a ring of fire
 I - an amulet of regeneration (around neck)
 N - the ring "Guafunus" (left hand) {rF++ Will+ Int+6 Dex+2}
   (You bought it in a shop on level 4 of the Snake Pit)

   [ring of intelligence]

   Int:       It affects your intelligence (+6).
   Dex:       It affects your dexterity (+2).
   rF:        It greatly protects you from fire.
   Will:      It increases your willpower.
 P - the ring of the Rotten Breadfruit {rN+ Slay+2}
   (You found it on level 5 of the Pits of Slime)

   [ring of positive energy]

   Slay:      It affects your accuracy & damage with ranged weapons and melee
   (+2).
   rN:        It protects you from negative energy.
 U - a ring of ice
 Y - the ring "Xihyegav" {rC+ rCorr Dex+3}
   (You found it on level 2 of the Realm of Zot)

   [ring of resist corrosion]

   Dex:       It affects your dexterity (+3).
   rC:        It protects you from cold.
   rCorr:     It protects you from acid and corrosion.
Wands
 r - a wand of mindburst (3)
 C - a wand of digging (22)
 H - a wand of acid (23)
 R - a wand of iceblast (11)
 Z - a wand of polymorph (3)
Scrolls
 b - 6 scrolls of teleportation
 e - a scroll of blinking
 f - 7 scrolls of fog
 i - 2 scrolls of enchant armour
 k - 5 scrolls of silence
 u - 6 scrolls of magic mapping
 B - 5 scrolls of holy word
 F - 3 scrolls of amnesia
 L - 3 scrolls of fear
Potions
 c - 7 potions of flight
 g - 4 potions of ambrosia
 n - 16 potions of curing
 s - 2 potions of resistance
 w - 6 potions of berserk rage
 z - 9 potions of haste
 J - a potion of magic
 K - 4 potions of invisibility
 Q - 5 potions of brilliance
 T - 6 potions of cancellation
 V - 5 potions of might
 X - 4 potions of heal wounds


   Skills:
 + Level 22.2 Fighting
 - Level 10.0 Dodging
 - Level 2.0 Stealth
 - Level 8.0 Shields
 + Level 23.0 Spellcasting
 + Level 20.2 Conjurations
 - Level 5.0 Summonings
 + Level 3.8 Necromancy
 O Level 27 Ice Magic
 - Level 13.6 Earth Magic


You had 10 spell levels left.
You knew the following spells:

 Your Spells              Type           Power      Damage    Failure   Level
a - Freeze                Ice            100%       1d11      0%          1
b - Frozen Ramparts       Ice            100%       1d12      0%          3
c - Ozocubu's Armour      Ice            100%       N/A       0%          3
d - Spellforged Servitor  Conj/Summ      42%        N/A       1%          7
e - Iron Shot             Conj/Erth      48%        9d9       1%          6
f - Ozocubu's Refrigerat  Ice            70%        4d19      0%          7
g - Polar Vortex          Ice            70%        N/A       1%          9
h - Sublimation of Blood  Necr           56%        N/A       1%          2
i - Orb of Destruction    Conj           52%        9d13      1%          7
j - Lehudib's Crystal Sp  Conj/Erth      48%        10d11     1%          8
k - Blink                 Tloc           70%        N/A       1%          2
l - Borgnjor's Vile Clut  Necr/Erth      37%        N/A       1%          5

Your spell library contained the following spells:

 Spells                   Type           Power      Damage    Failure   Level
 Shatter                  Erth           44%        3d34*     67%         9
 Fire Storm               Conj/Fire      39%        8d10      98%         9
 Magic Dart               Conj           100%       1d8       0%          1
 Sandblast                Erth           100%       2d20      0%          1
 Stone Arrow              Conj/Erth      100%       3d13      0%          3
 Hailstorm                Conj/Ice       100%       3d20      0%          4
 Summon Ice Beast         Ice/Summ       100%       N/A       0%          4
 Iskenderun's Battlesphe  Conj           100%       2d15      0%          5
 Animate Skeleton         Necr           100%       N/A       1%          1
 Apportation              Tloc           70%        N/A       1%          1
 Slow                     Hex            100%       N/A       1%          1
 Summon Small Mammal      Summ           100%       N/A       1%          1
 Call Imp                 Summ           61%        N/A       1%          2
 Corpse Rot               Necr/Air       94%        N/A       1%          2
 Passwall                 Tmut/Erth      55%        N/A       1%          2
 Poisonous Vapours        Pois/Air       70%        N/A       1%          2
 Static Discharge         Conj/Air       78%        N/A       1%          2
 Wereblood                Tmut           35%        N/A       1%          2
 Mephitic Cloud           Conj/Pois/Air  67%        N/A       1%          3
 Summon Guardian Golem    Hex/Summ       50%        N/A       1%          3
 Vampiric Draining        Necr           56%        2d10      1%          3
 Ice Form                 Ice/Tmut       100%       N/A       1%          4
 Leda's Liquefaction      Hex/Erth       33%        N/A       1%          4
 Petrify                  Tmut/Erth      67%        N/A       1%          4
 Sticky Flame             Conj/Fire      78%        2d9       1%          4
 Fireball                 Conj/Fire      39%        3d16      1%          5
 Irradiate                Conj/Tmut      39%        3d27      1%          5
 Lee's Rapid Deconstruct  Erth           44%        3d22*     1%          5
 Metabolic Englaciation   Hex/Ice        54%        N/A       1%          5
 Conjure Ball Lightning   Conj/Air       39%        3x3d13    1%          6
 Simulacrum               Ice/Necr       57%        N/A       1%          6
 Animate Dead             Necr           28%        N/A       2%          4
 Dispel Undead            Necr           56%        3d20      2%          4
 Confusing Touch          Hex            35%        N/A       3%          3
 Gell's Gravitas          Tloc           35%        N/A       3%          3
 Lesser Beckoning         Tloc           35%        N/A       3%          3
 Teleport Other           Tloc           35%        N/A       3%          3
 Tukima's Dance           Hex            35%        N/A       3%          3
 Anguish                  Hex/Necr       23%        N/A       4%          4
 Statue Form              Tmut/Erth      44%        N/A       10%         6
 Summon Forest            Summ/Tloc      25%        N/A       11%         5
 Summon Mana Viper        Hex/Summ       50%        N/A       11%         5
 Alistair's Intoxication  Tmut/Pois      23%        N/A       28%         5
 Blade Hands              Tmut           17%        N/A       28%         5
 Manifold Assault         Tloc           35%        N/A       28%         5
 Death Channel            Necr           28%        N/A       34%         6
 Eringya's Noxious Bog    Tmut/Pois      17%        N/A       36%         6
 Monstrous Menagerie      Summ           30%        N/A       75%         7
 Summon Hydra             Summ           30%        N/A       75%         7
 Haunt                    Necr/Summ      29%        N/A       83%         7
 Dragon Form              Tmut           17%        N/A       100%        7
 Enfeeble                 Hex            17%        N/A       100%        7
 Storm Form               Tmut/Air       17%        N/A       100%        7
 Summon Horrible Things   Summ           30%        N/A       100%        8
 Animate Armour           Summ/Erth      Unusable   N/A       N/A         4

Dungeon Overview and Level Annotations

Branches:
Dungeon (15/15)            Temple (1/1) D:7            Lair (6/6) D:9
  Swamp (4/4) Lair:3        Snake (4/4) Lair:2        Slime (5/5) Lair:5
    Orc (2/2) D:10            Elf (3/3) Orc:2        Vaults (5/5) D:13
  Crypt (0/3) Vaults:2     Depths (4/4) D:15            Zot (3/5) Depths:4
 Bailey (visited)           IceCv (visited)         Volcano (visited)
Gauntlet (visited)

Altars:
Ashenzari
Cheibriados
Dithmenos
Elyvilon
Fedhas
Gozag
Hepliaklqana
Kikubaaqudgha
Makhleb
Nemelex Xobeh
Okawaru
Qazlal
Ru
Sif Muna
Trog
Uskayaw
Vehumet
Wu Jian
Xom
Yredelemnul
Zin
The Shining One
Jiyva
Lugonu

Shops:
D:2 [   D:9 [   D:11 :   Orc:2 ([((   Elf:1 :   Elf:2 =   Snake:3 [*:*=!
Snake:4 =[*[   Vaults:1 !   Vaults:2 :   Vaults:4 *(*

Portals:
Hell: Depths:1 Depths:2 Depths:3 Depths:4
Abyss: Depths:1 Depths:2 Depths:3
Pandemonium: Depths:2
Ziggurat: Depths:3

Annotations:
Elf:2 1 runed translucent door
Depths:2 1 runed translucent door
Depths:3 Boris


Innate Abilities, Weirdness & Mutations

You can breathe bolts of dispelling energy.
Your rich purple scales are hard. (AC +12)
You cannot fit into any form of body armour.
You are cold-blooded and may be slowed by cold attacks.
You have a pair of small antennae on your head.


Message History

The tentacled monstrosity is almost dead.
You kill the tentacled monstrosity!
Vehumet accepts your kill.
You feel your power returning.
The winds around you start to calm down.
You float gracefully downwards.
You hear a deafening roar!
The curse toe gestures.
Your Spellcasting skill increases to level 23!
Aiming: Breathe Dispelling Energy (1% risk of failure)
Press: ? - help, Shift-Dir - straight line, f - curse toe
Aim: a curse toe (whirling frost, severely damaged, 100% to hit)
You breathe a bolt of dispelling energy.
The bolt of dispelling energy hits the deathcap!
The deathcap is moderately damaged.
The bolt of dispelling energy hits the curse toe!
The curse toe is almost destroyed.
The deathcap draws from the surrounding life force!
* * * LOW HITPOINT WARNING * * *
The deathcap is healed.
The wandering mushroom misses you. x2
You block the wandering mushroom's attack.
The deathcap misses you.
The curse toe gestures.
Blink to where?
Press: ? - help, Dir - move target, p - curse toe
As you read the scroll of blinking, it crumbles to dust.
The winds around you calm down.
Casting: Ozocubu's Refrigeration (safe; 0% risk of failure)
Confirm with . or Enter, or press ? or * to list all spells.
You feel a surge of power!
A great freezing vortex appears and lifts you up.
You have got your breath back.
The curse toe calls on the powers of darkness!
Your body is wracked with pain!
* * * LOW HITPOINT WARNING * * *
The deathcap draws from the surrounding life force!
* * * LOW HITPOINT WARNING * * *
A tentacled monstrosity comes into view.
The deathcap draws from the surrounding life force!
You die...

###..#............# *,,,,,,*, #
#..####...####### ***#..)**
**#...# #...# ####..,* *,....#
#...### #....#** *.....# #.....#
#####....#
#....######.§.#######...#....#
###.....###.§§##§§§##°°.#....#*##
............§§§§§§§§zff.#....#...
............§§§§@§§§§fff...†.#...
........X...§§§§§§§§§fff..##.....
###..################......#.○!..
................,,..........#....
........<.......,............#...
..#..###########*####...#.....<..
..#..# #...##....... ..#..#**
#######...... ..#...,* ##.....


You could see a curse toe, 4 deathcaps and 4 wandering mushrooms.

Vanquished Creatures
  the Royal Jelly (Slime:5)
  An orb of fire (Zot:2)
  Mara (Snake:3)
  Sojobo (Depths:4)
  The ghost of iguanaiguana the Bringer of Law, a veteran DESu of Zin (Vaults:4)
  Josephina (Depths:3)
  Boris (Depths:3)
  A Killer Klown (Zot:2)
  5 caustic shrikes (Depths:4)
  A curse toe (Zot:2)
  7 golden dragons
  2 bone dragons (Depths:4)
  2 electric golems
  8 tentacled monstrosities
  2 liches (Depths:2)
  Asterion (Vaults:2)
  Mlioglotl (Snake:1)
  2 quicksilver dragons (Zot:2)
  2 deep elf blademasters (Elf:3)
  A sphinx (Vaults:4)
  Gastronok (Lair:1)
  5 death cobs
  2 deep elf master archers (Elf:3)
  20 acid blobs
  5 shadow dragons
  5 tengu reavers
  6 storm dragons
  A thorn hunter (Swamp:4)
  3 draconian monks
  12 rockslimes
  6 fire giants
  Donald (Elf:2)
  A fenstrider witch (Swamp:3)
  6 azure jellies
  2 nagarajas
  2 draconian knights
  10 frost giants
  6 deep elf sorcerers
  11 vault wardens
  The ghost of boltboy the Slayer, a journeyman MiFi of Okawaru (Orc:2)
  An iron dragon (Depths:2)
  2 draconian scorchers (Zot:2)
  Aizul (Snake:3)
  4 deep elf elementalists (Elf:3)
  4 ghost moths
  A draconian shifter (Zot:2)
  4 orc warlords
  4 ghouls (Swamp:3)
  Louise (Elf:3)
  7 draconian stormcallers
  2 draconian annihilators
  13 ironbound preservers
  37 very ugly things
  10 quicksilver oozes
  3 vampire knights
  7 ironbound thunderhulks
  8 stone giants
  2 black draconians
  6 eleionomae
  3 purple draconians
  7 deep elf demonologists
  7 green draconians
  4 deep elf annihilators (Elf:3)
  7 yellow draconians
  11 spark wasps
  11 dire elephants
  6 red draconians
  Azrael (D:14)
  A bunyip (Swamp:3)
  A minotaur (Gauntlet)
  A green death (Depths:2)
  2 white draconians (Zot:3)
  A merfolk javelineer (Orc:2)
  4 crystal guardians
  8 deep elf death magi
  6 fire dragons
  A jiangshi (Vaults:2)
  2 deep elf high priests (Elf:3)
  3 shambling mangroves (Swamp:4)
  2 merfolk impalers
  8 ettins
  6 great orbs of eyes
  14 hydras
  5 salamander tyrants
  11 yaktaur captains
  6 ice dragons
  8 ghost crabs
  7 naga warriors
  40 vault guards
  A rakshasa (D:13)
  3 peacekeepers
  3 boulder beetles
  4 spriggan air magi
  9 ironbound frosthearts
  18 anacondas
  A death knight (D:12)
  3 catoblepae
  An ogre mage (D:13)
  11 death yaks
  3 two-headed ogres
  An anaconda (shapeshifter) (D:15)
  11 centaur warriors
  37 dancing weapons
  3 deep troll shamans
  A vampire mage (Depths:3)
  5 alligators
  4 tengu warriors (Depths:2)
  3 orc high priests (Orc:2)
  7 naga sharpshooters
  4 deep troll earth magi
  3 hell hogs (Depths:3)
  A shock serpent (shapeshifter) (D:12)
  17 hell knights
  Sonja (Lair:3)
  A sun demon (Depths:4)
  Nergalle (Lair:1)
  A spriggan berserker (Depths:4)
  14 deep elf knights
  12 shock serpents
  Amaemon (Lair:1)
  11 salamander mystics
  3 iron trolls (Depths:4)
  A sixfirhy (Gauntlet)
  4 skeletal warriors (D:15)
  An iron troll (shapeshifter) (Vaults:3)
  6 goliath frogs
  11 spriggan druids
  6 naga ritualists
  An orb spider (shapeshifter) (Vaults:5)
  43 deep trolls
  3 glowing orange brains
  9 wizards
  A death drake (Zot:2)
  2 sea snakes
  2 flayed ghosts
  3 phantasmal warriors
  2 orange crystal statues
  11 deep elf archers
  3 bog bodies
  4 spectral hydras (Swamp:4)
  14 swamp dragons
  2 obsidian statues
  A tengu zombie (Vaults:2)
  12 ironbound convokers
  27 deep elf zephyrmancers
  10 necromancers
  16 lindwurms
  4 orc sorcerers (Orc:2)
  11 orc knights
  31 deep elf pyromancers
  Pikel (D:4)
  23 salamanders
  4 oklob plants
  6 manticores
  9 mana vipers
  2 will-o-the-wisps
  4 cyclopes
  62 ugly things
  A manticore (shapeshifter) (D:14)
  A salamander (shapeshifter) (D:14)
  4 shining eyes
  2 human skeletons (Vaults:2)
  7 elephants
  10 naga magi
  6 moths of wrath
  2 smoke demons
  6 molten gargoyles
  47 black mambas
  A toenail golem (Volcano)
  7 guardian serpents (Snake:4)
  17 vault sentinels
  A water nymph (shapeshifter) (Elf:1)
  4 apocalypse crabs (Swamp:2)
  5 gargoyles
  3 eyes of devastation
  A titan simulacrum (Depths:3)
  8 torpor snails
  Maurice (Orc:1)
  9 cane toads
  3 orange demons
  2 kobold demonologists (D:12)
  Maggie (D:6)
  A spark wasp simulacrum (Depths:3)
  An unseen horror (D:12)
  6 rime drakes
  A yaktaur zombie (Vaults:2)
  12 komodo dragons
  35 yaktaurs
  2 anaconda simulacra (IceCv)
  A rime drake (shapeshifter) (D:14)
  3 efreet
  2 tengu conjurers
  2 freezing wraiths (IceCv)
  A golden dragon simulacrum (Depths:3)
  4 hydra zombies (Swamp:4)
  2 trolls (shapeshifter) (Elf:1)
  A queen bee (shapeshifter) (D:14)
  A queen bee (Gauntlet)
  A polar bear (Lair:6)
  A tarantella (shapeshifter) (Depths:1)
  3 bloated husks
  A death drake zombie (Swamp:4)
  10 trolls
  Grinder (D:4)
  3 hydra skeletons (Swamp:4)
  A hornet (shapeshifter) (Elf:1)
  20 hornets
  12 tyrant leeches
  139 slime creatures
  A death drake skeleton (Swamp:4)
  A dream sheep (shapeshifter) (Elf:1)
  16 blink frogs
  6 dream sheep (Lair:4)
  A culicivora (shapeshifter) (Elf:1)
  2 air elementals (Elf:2)
  10 spriggans
  5 water elementals
  3 shadows
  A ynoxinul (Depths:2)
  50 yaks
  4 wraiths
  A wyvern (Lair:6)
  17 fire elementals
  3 basilisks
  A vampire (D:9)
  A dire elephant simulacrum (IceCv)
  3 steam dragons
  9 golden eyes
  13 vampire mosquitoes
  2 wargs (Orc:2)
  Menkaure (D:6)
  A harpy simulacrum (IceCv)
  An acid dragon (shapeshifter) (Elf:1)
  12 swamp worms
  2 hydra simulacra (Swamp:4)
  Edmund (D:4)
  19 nagas
  2 acid dragons
  12 water moccasins
  2 hell hounds (D:14)
  A water moccasin (shapeshifter) (Elf:1)
  Duvessa (D:6)
  A floating eye (Slime:5)
  37 orc warriors
  9 swamp drakes
  3 swamp dragon zombies (Swamp:4)
  3 ice beasts
  2 black bears
  An alligator simulacrum (IceCv)
  4 sky beasts
  3 wolves (Lair:4)
  5 ettin simulacra
  4 boggarts (Vaults:1)
  10 ogres
  6 centaurs
  3 lemures (D:4)
  4 kobold brigands
  2 necrophages
  13 bullfrogs
  A gnoll sergeant (D:4)
  A scorpion (D:6)
  4 earth elementals
  A wight (D:10)
  Dowan (D:6)
  A lindwurm simulacrum (IceCv)
  16 killer bees
  5 howler monkeys
  2 electric eels (Lair:2)
  7 centaur zombies (D:10)
  A human zombie (D:10)
  2 hounds
  3 gnoll shamans
  A jelly (D:6)
  Crazy Yiuf (D:5)
  20 orc priests
  8 iguanas
  29 orc wizards
  13 hell rats (Lair:6)
  2 mummies (D:10)
  18 gnolls
  8 adders
  2 white imps
  3 ufetubi
  2 worms
  2 dart slugs (D:1)
  114 orcs
  3 bats
  5 endoplasms
  5 giant cockroaches
  15 goblins
  6 hobgoblins
  4 jackals (D:2)
  3 quokkas
  14 ball pythons
  25 kobolds
  4 rats
  15 briar patches (Swamp:4)
  A bush (Lair:3)
  3 butterflies (Lair:4)
  A fire vortex (Volcano)
2113 creatures vanquished.

Vanquished Creatures (collateral kills)
  Bai Suzhen (Snake:3)
  A shadow dragon (Zot:2)
  An azure jelly (Slime:5)
  2 rockslimes (Slime:5)
  A nagaraja (Snake:4)
  The ghost of sammy202020 the Fighter, a journeyman GrBe of Trog (Lair:4)
  A shock serpent (Snake:3)
  A mana viper (Snake:4)
  An ugly thing (Depths:4)
  A moth of wrath (Zot:2)
11 creatures vanquished.

Vanquished Creatures (others)
  A deep elf pyromancer (Elf:2)
  A golden dragon simulacrum (Depths:3)
  A briar patch (Swamp:4)
  2 foxfires (Swamp:2)
  71 fungi
  126 plants
202 creatures vanquished.

Grand Total: 2326 creatures vanquished

Notes
Turn   | Place    | Note
-------+----------+-------------------------------------------
     0 | D:1      | juncz the Draconian Ice Elementalist began the quest for
                  | the Orb.
     0 | D:1      | Reached XP level 1. HP: 14/14 MP: 3/3
   406 | D:1      | Reached XP level 2. HP: 20/20 MP: 1/5
   587 | D:1      | Found a faded altar of an unknown god.
  1364 | D:1      | Reached XP level 3. HP: 25/26 MP: 3/6
  1368 | D:1      | Learned a level 3 spell: Frozen Ramparts
  1372 | D:1      | Learned a level 3 spell: Ozocubu's Armour
  2080 | D:2      | Found Louxiz's Armour Emporium.
  2182 | D:2      | Reached XP level 4. HP: 33/33 MP: 8/8
  2720 | D:3      | Reached skill level 5 in Ice Magic
  2915 | D:3      | Reached XP level 5. HP: 38/38 MP: 5/10
  3667 | D:4      | Identified the ring "Intushiy" {Int+6 SInv}
  3791 | D:4      | Found an ornate altar of the Wu Jian Council.
  3791 | D:4      | Noticed a lemure
  3792 | D:4      | Noticed a lemure
  3792 | D:4      | Noticed a lemure
  3793 | D:4      | Noticed a lemure
  3795 | D:4      | Noticed Pikel
  3799 | D:4      | Killed a lemure
  3801 | D:4      | Killed a lemure
  3807 | D:4      | Killed a lemure
  3809 | D:4      | Killed Pikel
  3810 | D:4      | Reached skill level 5 in Spellcasting
  3810 | D:4      | Reached skill level 6 in Ice Magic
  3810 | D:4      | Reached XP level 6. HP: 12/45 MP: 3/14
  3810 | D:4      | Your scales start taking on a rich purple colour.
  3810 | D:4      | Reached XP level 7. HP: 13/50 MP: 3/16
  4309 | D:4      | Reached skill level 7 in Ice Magic
  4438 | D:4      | Noticed Grinder
  4438 | D:4      | Paralysed by Grinder for 7 turns
  4478 | D:4      | Killed Grinder
  4725 | D:4      | Reached XP level 8. HP: 49/57 MP: 13/19
  4789 | D:4      | Noticed Edmund
  4797 | D:4      | Killed Edmund
  4997 | D:5      | Entered Level 5 of the Dungeon
  5022 | D:5      | Reached skill level 8 in Ice Magic
  5833 | D:5      | Found a shimmering blue altar of Sif Muna.
  5839 | D:5      | Reached skill level 1 in Conjurations
  5839 | D:5      | Reached skill level 1 in Earth Magic
  5840 | D:5      | Reached skill level 9 in Ice Magic
  5845 | D:5      | Reached XP level 9. HP: 57/62 MP: 10/22
  6508 | D:5      | Found a runed translucent door.
  6509 | D:5      | Noticed Crazy Yiuf
  6516 | D:5      | Killed Crazy Yiuf
  6623 | D:6      | Learned a level 3 spell: Stone Arrow
  6991 | D:6      | Noticed Menkaure
  6995 | D:6      | Killed Menkaure
  7655 | D:6      | Noticed Duvessa
  7667 | D:6      | Killed Duvessa
  7707 | D:6      | Noticed Dowan
  7730 | D:6      | Killed Dowan
  7814 | D:6      | Found an opulent altar of Gozag.
  7815 | D:6      | Found a bloodstained altar of Trog.
  7815 | D:6      | Found a radiant altar of Vehumet.
  7816 | D:6      | Found a shadowy altar of Dithmenos.
  7847 | D:6      | Became a worshipper of Vehumet
  7860 | D:6      | Found a shimmering altar of Xom.
  7874 | D:6      | Noticed Maggie
  7879 | D:6      | Killed Maggie
  7880 | D:6      | Reached skill level 10 in Spellcasting
  8323 | D:7      | Reached skill level 10 in Ice Magic
  8323 | D:7      | Reached XP level 10. HP: 63/69 MP: 13/24
  8741 | D:7      | Reached skill level 5 in Earth Magic
  8754 | D:7      | Reached skill level 5 in Conjurations
  8998 | D:7      | Identified the +5 pair of boots of Meij {rCorr}
  9250 | D:7      | Found a staircase to the Ecumenical Temple.
  9336 | D:7      | Found a glowing golden altar of the Shining One.
  9718 | Temple   | Entered the Ecumenical Temple
 10246 | D:8      | Reached * piety under Vehumet
 10246 | D:8      | Offered knowledge of Sandblast by Vehumet.
 10746 | D:8      | Identified the +1 chain mail of Love and Death {rN++ Will-
                  | Str-5 Dex+9}
 11116 | D:2      | Bought a +0 buckler of reflection for 119 gold pieces
 11386 | D:9      | Found a staircase to the Lair.
 11424 | D:9      | Found a flagged portal.
 11432 | Bailey   | Entered a bailey
 11517 | Bailey   | Noticed an orc knight
 11528 | Bailey   | Killed an orc knight
 11610 | Bailey   | Reached ** piety under Vehumet
 11610 | Bailey   | Offered knowledge of Searing Ray by Vehumet.
 11760 | Bailey   | Found a large runed translucent door.
 11760 | Bailey   | Found a large runed translucent door.
 11761 | Bailey   | Noticed a deep elf pyromancer
 11891 | Bailey   | Killed a deep elf pyromancer
 11892 | Bailey   | Reached XP level 11. HP: 60/74 MP: 11/26
 12105 | D:9      | Reached skill level 11 in Ice Magic
 12307 | D:9      | Found a sacrificial altar of Ru.
 12412 | D:9      | Found Segeff's Armour Boutique.
 12841 | D:9      | Offered knowledge of Static Discharge by Vehumet.
 12968 | Lair:1   | Entered Level 1 of the Lair of Beasts
 12970 | Lair:1   | Noticed Amaemon
 12987 | Lair:1   | Killed Amaemon
 12988 | Lair:1   | Reached skill level 1 in Fighting
 13100 | Lair:1   | Noticed Gastronok
 13121 | Lair:1   | Killed Gastronok
 13122 | Lair:1   | Reached skill level 1 in Shields
 13309 | Lair:1   | Noticed Nergalle
 13329 | Lair:1   | Killed Nergalle
 13686 | Lair:1   | Reached *** piety under Vehumet
 14675 | Lair:2   | Reached XP level 12. HP: 89/89 MP: 16/28
 15374 | Lair:2   | Found a staircase to the Snake Pit.
 15483 | Lair:2   | Offered knowledge of Flame Wave by Vehumet.
 15813 | Lair:2   | Noticed a five-headed hydra
 15822 | Lair:2   | Killed a five-headed hydra
 15823 | Lair:2   | Reached skill level 12 in Ice Magic
 17023 | Lair:3   | Noticed Sonja
 17027 | Lair:3   | Killed Sonja
 17129 | Lair:3   | Reached skill level 5 in Fighting
 17238 | Lair:3   | You fall into a shaft and drop 2 floors!
 17259 | Lair:5   | Reached **** piety under Vehumet
 17417 | Lair:5   | Learned a level 6 spell: Iron Shot
 17782 | Lair:4   | Noticed a death yak
 17789 | Lair:4   | Reached skill level 5 in Dodging
 17793 | Lair:4   | Killed a death yak
 17799 | Lair:4   | Noticed a six-headed hydra
 17822 | Lair:4   | Noticed a death yak
 17912 | Lair:4   | Offered knowledge of Sticky Flame by Vehumet.
 17973 | Lair:4   | Found a runed translucent door.
 17973 | Lair:4   | Noticed sammy202020's ghost (journeyman GrBe)
 17979 | Lair:4   | Reached XP level 13. HP: 101/101 MP: 11/29
 18318 | Lair:4   | Found a dark tunnel.
 18325 | Volcano  | Entered a volcano
 18939 | Volcano  | Reached ***** piety under Vehumet
 18940 | Volcano  | Offered knowledge of Ozocubu's Refrigeration by Vehumet.
 18949 | Volcano  | Learned a level 7 spell: Ozocubu's Refrigeration
 20616 | Lair:5   | Found a viscous altar of Jiyva.
 20616 | Lair:5   | Found a staircase to the Slime Pits.
 20966 | Lair:6   | Entered Level 6 of the Lair of Beasts
 20987 | Lair:6   | Reached skill level 13 in Ice Magic
 22290 | Lair:6   | Reached XP level 14. HP: 113/113 MP: 19/31
 22292 | Lair:6   | Reached skill level 10 in Conjurations
 22292 | Lair:6   | Reached skill level 10 in Earth Magic
 24215 | Lair:6   | Found a runed translucent door.
 25449 | D:10     | Entered Level 10 of the Dungeon
 25559 | D:10     | Found a blossoming altar of Fedhas.
 25572 | D:10     | Found a stormy altar of Qazlal.
 27282 | D:10     | Found a basalt altar of Yredelemnul.
 27611 | D:10     | Found a staircase to the Orcish Mines.
 28297 | D:10     | Found a burning altar of Makhleb.
 29030 | D:11     | Found a gate leading to a gauntlet.
 29039 | Gauntlet | Entered a Gauntlet
 29039 | Gauntlet | Found a transporter.
 29039 | Gauntlet | Found a transporter.
 29049 | Gauntlet | Found a transporter.
 29064 | Gauntlet | Found a transporter.
 29072 | Gauntlet | Found a transporter.
 29076 | Gauntlet | Found a transporter.
 29087 | Gauntlet | Found a transporter.
 29101 | Gauntlet | Found a transporter.
 29115 | Gauntlet | Found a transporter.
 29119 | Gauntlet | Found a transporter.
 29121 | Gauntlet | Found a runed translucent gate.
 29121 | Gauntlet | Found a runed translucent gate.
 29121 | Gauntlet | Found a runed translucent gate.
 29127 | Gauntlet | Found a transporter.
 29131 | Gauntlet | Found a transporter.
 30345 | D:11     | Offered knowledge of Fireball by Vehumet.
 30352 | D:11     | Learned a level 5 spell: Fireball
 30355 | D:11     | Learned a level 2 spell: Sublimation of Blood
 31140 | D:11     | Found Sosmautz's Book Boutique.
 31146 | D:11     | Bought a book of the Spheres for 864 gold pieces
 31146 | D:11     | Bought a book of Touch for 416 gold pieces
 31155 | D:11     | Learned a level 7 spell: Orb of Destruction
 31952 | D:12     | Identified a scroll of acquirement
 31953 | D:12     | Acquired a staff of cold
 32205 | D:12     | Reached XP level 15. HP: 125/125 MP: 8/33
 32218 | D:12     | Reached skill level 14 in Ice Magic
 34478 | D:13     | Identified the ring "Tedghaski" {+Blink Will- MP+9 Str-3
                  | Stlth+}
 34755 | D:13     | Reached skill level 10 in Fighting
 34927 | D:13     | Found a gate to the Vaults.
 35436 | D:14     | Offered knowledge of Lightning Bolt by Vehumet.
 35439 | D:14     | Noticed Azrael
 35441 | D:14     | Killed Azrael
 36097 | D:14     | Found a glowing golden altar of the Shining One.
 37193 | D:15     | Entered Level 15 of the Dungeon
 37193 | D:15     | Found a frozen archway.
 37196 | D:15     | Found a radiant altar of Vehumet.
 37201 | IceCv    | Entered an ice cave
 37212 | IceCv    | Found a transporter.
 37212 | IceCv    | Found a transporter.
 37234 | IceCv    | HP: 2/128 [white very ugly thing (15)]
 39157 | D:15     | Found a staircase to the Depths.
 39289 | D:15     | Reached skill level 15 in Ice Magic
 39697 | D:15     | Reached XP level 16. HP: 137/137 MP: 17/34
 39964 | Orc:1    | Entered Level 1 of the Orcish Mines
 40042 | Orc:1    | Noticed Maurice
 40045 | Orc:1    | Killed Maurice
 40319 | Orc:2    | Entered Level 2 of the Orcish Mines
 40321 | Orc:2    | Offered knowledge of Freezing Cloud by Vehumet.
 41298 | Orc:2    | Found Itirilaj's Antique Weapon Shop.
 41298 | Orc:2    | Found Litumn's Armour Shoppe.
 41300 | Orc:2    | Found Kimp's Weapon Shop.
 41300 | Orc:2    | Found Defyih's Weapon Shoppe.
 41332 | Orc:2    | Bought a transparent war axe for 187 gold pieces
 41332 | Orc:2    | Identified the +10 war axe "Giant's Peril" {vorpal, Str+4
                  | Int-2 Dex+4} (You bought it in a shop on level 2 of the
                  | Orcish Mines)
 41341 | Orc:2    | Reached skill level 16 in Ice Magic
 41341 | Orc:2    | Reached XP level 17. HP: 146/146 MP: 35/35
 41469 | Orc:2    | Found a runed translucent gate.
 41470 | Orc:2    | Found a runed translucent gate.
 41472 | Orc:2    | Found a runed translucent gate.
 41472 | Orc:2    | Noticed boltboy's ghost (journeyman MiFi)
 41508 | Orc:2    | Found a staircase to the Elven Halls.
 41788 | Orc:2    | Found an iron altar of Okawaru.
 41802 | Orc:2    | Killed boltboy's ghost
 41984 | Elf:1    | Entered Level 1 of the Elven Halls
 42385 | Elf:1    | Offered knowledge of Lee's Rapid Deconstruction by Vehumet.
 42392 | Elf:1    | Learned a level 5 spell: Lee's Rapid Deconstruction
 43428 | Elf:1    | Got the Disquisition on Calling
 43532 | Elf:1    | Found the +7 Spriggan's Knife {stab, EV+4 Stlth+}
 44190 | Elf:1    | Found Xydwoici's Book Emporium.
 44963 | Elf:1    | Got Sif Muna's Compendium of Snow and the Escort
 45407 | Elf:2    | Found Kiefogo's Jewellery Boutique.
 45714 | Elf:2    | Paralysed by an air elemental for 1 turns
 45716 | Elf:2    | Offered knowledge of Starburst by Vehumet.
 45866 | Elf:2    | Reached skill level 1 in Summonings
 45949 | Elf:2    | Reached skill level 17 in Ice Magic
 45949 | Elf:2    | Reached XP level 18. HP: 128/157 MP: 13/36
 46041 | Elf:2    | Found Yniost's Book Emporium.
 46557 | Elf:2    | Found a runed translucent door.
 46581 | Elf:2    | Found a runed translucent door.
 47839 | Elf:2    | Noticed Donald
 47861 | Elf:2    | Killed Donald
 48863 | Elf:3    | Entered Level 3 of the Elven Halls
 48863 | Elf:3    | Noticed Louise
 48867 | Elf:3    | Killed Louise
 48868 | Elf:3    | Reached skill level 5 in Summonings
 49915 | Elf:3    | Identified the +3 shortbow of Analysis {flame, rElec Will+
                  | Int+4}
 50013 | Elf:3    | Offered knowledge of Maxwell's Capacitive Coupling by
                  | Vehumet.
 50306 | Elf:3    | Reached skill level 15 in Conjurations
 50306 | Elf:3    | Reached skill level 18 in Ice Magic
 50592 | Elf:3    | Identified the +0 leather armour "Bomossua" {Dex+2}
 50830 | Elf:3    | Found the ring of the Octopus King {rC+ AC+1 EV+1 Str+1
                  | Int+1 Dex+1}
 51095 | Elf:3    | Reached skill level 19 in Ice Magic
 51172 | Elf:3    | Identified the amulet "Inou" {RegenMP Slay+2}
 51421 | Elf:3    | Found the +9 staff of Wucad Mu {*channel}
 51439 | Elf:3    | Identified the +6 mace "Fooler" {venom, Will- Str+3 Int+6}
 51441 | Elf:3    | Identified the -3 cloak of Untruth {Contam Regen+ Str+2
                  | Int+2}
 51789 | Snake:1  | Entered Level 1 of the Snake Pit
 52230 | Snake:1  | Noticed Mlioglotl
 52237 | Snake:1  | Killed Mlioglotl
 52852 | Snake:1  | Reached XP level 19. HP: 163/163 MP: 24/37
 53852 | Snake:2  | Reached skill level 20 in Ice Magic
 56159 | Snake:3  | Noticed Aizul
 56159 | Snake:3  | Noticed Mara
 56163 | Snake:3  | Killed Aizul
 56166 | Snake:3  | Noticed juncz's illusion
 56172 | Snake:3  | Found Jono's Distillery.
 56172 | Snake:3  | Found Nofeutadd's Jewellery Shoppe.
 56187 | Snake:3  | Killed Mara
 58050 | Snake:3  | Found Fezxaph's Book Boutique.
 58051 | Snake:3  | Found Dipuwk's Assorted Antiques.
 58052 | Snake:3  | Found Lucloeng's General Store.
 58052 | Snake:3  | Found Gonko's Antique Armour Boutique.
 58056 | Snake:3  | Bought 2 potions of heal wounds for 140 gold pieces
 58056 | Snake:3  | Bought a potion of magic for 112 gold pieces
 58060 | Snake:3  | Bought 3 scrolls of magic mapping for 220 gold pieces
 58094 | Snake:3  | Learned a level 7 spell: Spellforged Servitor
 58239 | Snake:3  | Reached skill level 21 in Ice Magic
 58451 | Snake:3  | Noticed Bai Suzhen
 58459 | Snake:3  | Killed Bai Suzhen
 58935 | Snake:4  | Entered Level 4 of the Snake Pit
 59447 | Snake:4  | Got the Catalogue of Congealing Transmigration
 60490 | Snake:4  | Found Locrabin's Antique Armour Shop.
 60491 | Snake:4  | Found Ybijo's General Store.
 60491 | Snake:4  | Found Pohyaci's Armour Boutique.
 60576 | Snake:4  | Found Ceoth's Jewellery Boutique.
 60582 | Snake:4  | Bought the ring "Guafunus" {rF++ Will+ Int+6 Dex+2} for
                  | 1392 gold pieces
 61176 | Snake:4  | Reached skill level 22 in Ice Magic
 62242 | Snake:4  | Reached ****** piety under Vehumet
 62255 | Snake:4  | Reached XP level 20. HP: 108/171 MP: 2/38
 62505 | Snake:4  | Got a serpentine rune of Zot
 63025 | Slime:1  | Entered Level 1 of the Pits of Slime
 63071 | Slime:1  | Offered knowledge of Fire Storm by Vehumet.
 63071 | Slime:1  | Offered knowledge of Shatter by Vehumet.
 63071 | Slime:1  | Offered knowledge of Polar Vortex by Vehumet.
 63604 | Slime:2  | Reached skill level 23 in Ice Magic
 64987 | Slime:5  | Entered Level 5 of the Pits of Slime
 66408 | Slime:3  | Gained mutation: You are frail. (-10% HP) [a shining eye]
 67335 | Slime:1  | Reached skill level 24 in Ice Magic
 67855 | Slime:2  | Gained mutation: You have hidden genetic defects. [a
                  | shining eye]
 69464 | Slime:5  | Noticed the Royal Jelly
 69502 | Slime:4  | Gained mutation: You tend to lose your temper in combat.
                  | [hidden defects]
 69886 | Slime:5  | Found a viscous altar of Jiyva.
 70027 | Slime:5  | Killed the Royal Jelly
 70028 | Slime:5  | Reached skill level 25 in Ice Magic
 70676 | Slime:5  | Identified the +2 trident "Meunwof" {freeze, +Blink rF-
                  | Dex+7 Stlth+}
 70692 | Slime:5  | Identified the ring of the Rotten Breadfruit {rN+ Slay+2}
 70708 | Slime:5  | Got a slimy rune of Zot
 70945 | Slime:5  | Identified the +4 battleaxe of Gaohoh {vamp, Will- MP+9
                  | Str-2 SInv}
 70962 | Slime:5  | Identified the +0 chain mail of Uhysyahu {Int+2}
 70976 | Slime:5  | Identified the +4 great sword of Floods {speed, rPois rC+}
 71037 | Slime:5  | Learned a level 9 spell: Polar Vortex
 71163 | Lair:2   | Lost mutation: You are frail. (-10% HP) [potion of
                  | mutation]
 71163 | Lair:2   | Lost mutation: You tend to lose your temper in combat.
                  | [potion of mutation]
 71163 | Lair:2   | Lost mutation: You have hidden genetic defects. [potion of
                  | mutation]
 71163 | Lair:2   | Gained mutation: You have a pair of small antennae on your
                  | head. [potion of mutation]
 71880 | Lair:4   | Killed sammy202020's ghost
 72369 | Lair:3   | Found a staircase to the Swamp.
 72401 | Swamp:1  | Entered Level 1 of the Swamp
 72910 | Swamp:1  | Identified the +10 mace of Ucrefrukk {venom, *Rage rElec
                  | Str+8 Stlth-}
 74121 | Swamp:2  | Reached XP level 21. HP: 178/178 MP: 21/39
 74319 | Swamp:2  | Found a runed translucent door.
 74749 | Swamp:2  | Paralysed by you for 7 turns
 75834 | Swamp:3  | Reached skill level 26 in Ice Magic
 76837 | Swamp:4  | Entered Level 4 of the Swamp
 78286 | Swamp:4  | Found a basalt altar of Yredelemnul.
 78300 | Swamp:4  | Got a decaying rune of Zot
 78403 | Swamp:4  | Found a blossoming altar of Fedhas.
 79069 | Vaults:1 | Entered Level 1 of the Vaults
 79123 | Vaults:1 | Reached skill level 27 in Ice Magic
 79259 | Vaults:1 | Identified the +1 arbalest of the Warrior {vorpal, Drain
                  | rN+ Will++ rCorr}
 80088 | Vaults:1 | Found Owioh's Distillery.
 80598 | Vaults:1 | Reached skill level 5 in Shields
 81764 | Vaults:2 | Noticed Asterion
 81772 | Vaults:2 | Killed Asterion
 82110 | Vaults:2 | Reached skill level 15 in Spellcasting
 82215 | Vaults:2 | Reached XP level 22. HP: 179/187 MP: 31/41
 82662 | Vaults:2 | Found Jiotsil's Book Shoppe.
 82695 | Vaults:2 | Bought Great Wizards, Vol. II for 532 gold pieces
 82701 | Vaults:2 | Bought a manual of Spellcasting for 1120 gold pieces
 83276 | Vaults:2 | Found a staircase to the Crypt.
 86594 | Vaults:4 | Reached skill level 10 in Dodging
 86616 | Vaults:4 | Found Coinuclo's General Store.
 86640 | Vaults:4 | Found Xuafop's Antique Weapon Shop.
 86654 | Vaults:4 | Found a flickering gateway to a bazaar.
 86661 | Bazaar   | Entered a bazaar
 86698 | Bazaar   | Found Toinoif's Assorted Antiques.
 86702 | Bazaar   | Found Xorphic's Armour Boutique.
 86702 | Bazaar   | Found Offusch's Antique Weapon Boutique.
 86703 | Bazaar   | Found Anaen's Magic Scroll Boutique.
 87280 | Vaults:4 | Reached skill level 15 in Fighting
 87611 | Vaults:4 | Identified the +2 great mace "Voanaacs" {flame, *Slow rF+
                  | Str+9}
 87713 | Vaults:4 | Reached XP level 23. HP: 164/199 MP: 35/44
 88263 | Vaults:4 | Found a transporter.
 88263 | Vaults:4 | Noticed iguanaiguana's ghost (veteran DESu)
 88301 | Vaults:4 | Found Ymoant's Assorted Antiques.
 88460 | Vaults:4 | Found a transporter.
 88473 | Vaults:4 | Killed iguanaiguana's ghost
 88477 | Vaults:4 | Identified the ring "Merghim" {rCorr Int+3 Slay+4}
 88807 | Depths:1 | Entered Level 1 of the Depths
 89000 | Depths:1 | Found a gateway to Hell.
 89041 | Depths:1 | Found a blossoming altar of Fedhas.
 89091 | Depths:1 | Found a one-way gate to the infinite horrors of the Abyss.
 91080 | Depths:2 | Found a runed translucent door.
 91190 | Depths:2 | Found a one-way gate leading to the halls of Pandemonium.
 91541 | Vaults:2 | Bought a manual of Fighting for 1120 gold pieces
 91615 | Vaults:5 | Entered Level 5 of the Vaults
 91988 | Depths:3 | Found a one-way gateway to a ziggurat.
 91994 | Depths:3 | Found a corrupted altar of Lugonu.
 92207 | Depths:3 | Reached XP level 24. HP: 216/216 MP: 48/48
 92677 | Depths:3 | Identified the ring of Iwuyn {Ice Will+ Str+4}
 92677 | Depths:3 | Noticed Josephina
 92690 | Depths:3 | Killed Josephina
 92991 | Depths:3 | Noticed Boris
 93033 | Depths:3 | Killed Boris
 93863 | Depths:4 | Entered Level 4 of the Depths
 93874 | Depths:4 | Noticed Boris
 94350 | Depths:4 | Noticed Sojobo
 94362 | Depths:4 | Killed Sojobo
 94783 | Depths:4 | Found a sparkling altar of Nemelex Xobeh.
 94842 | Depths:4 | Found a gate to the Realm of Zot.
 96116 | Zot:1    | Entered Level 1 of the Realm of Zot
 98059 | Zot:2    | Noticed a Killer Klown
 98419 | Zot:2    | Killed a Killer Klown
 99292 | Zot:2    | Reached XP level 25. HP: 226/228 MP: 39/49
 99296 | Zot:2    | Noticed an orb of fire
 99305 | Zot:2    | Killed an orb of fire
100047 | Zot:2    | Identified the ring "Xihyegav" {rC+ rCorr Dex+3}
100058 | Zot:2    | Learned a level 8 spell: Lehudib's Crystal Spear
100061 | Zot:2    | Learned a level 2 spell: Blink
100067 | Zot:2    | Learned a level 5 spell: Borgnjor's Vile Clutch
100374 | Zot:2    | Reached skill level 1 in Necromancy
102313 | Zot:3    | HP: 6/238 [deathcap/drain life[a curse toe] (23)]
102314 | Zot:3    | Killed from afar by a deathcap

Illustrated notes

Levels and vault maps discovered:
D:1:      wheals_arrival_shading, layout_basic,
          dilly_ecumenical_altar_fadedgnrine, serial_bayou_pond_a,
          kennysheep_pointless_box, chequers_arboretum
D:2:      layout_basic, serial_shops, nicolae_shop_waterfront,
          minmay_shallow_snake_nest
D:3:      layout_rooms
D:4:      layout_loops_cross, nzn_wu_jian_council_hall, uniq_pikel, uniq_edmund,
          uniq_grinder
D:5:      layout_cave_pods, mainiacjoe_overflow_concentric_impassable,
          uniq_crazy_yiuf_cottage
D:6:      layout_gridville, overflow_temple_1_default,
          chequers_temple_overflow_statue_of_worship, uniq_menkaure,
          uniq_duvessa, uniq_maggie
D:7:      dreamdust_elfheim, layout_basic, mainiacjoe_overflow_24_doors,
          minmay_temple_entry_enclosed_plants
D:8:      layout_loops_corners, serial_bayou_pond_c, grunt_decor_mini_mirrors
D:9:      layout_loops_corners, mainiacjoe_overflow_cross_hatched,
          grunt_lair_entry_orc_guard_hut, enter_bailey_3, serial_shops, shop
D:10:     layout_rooms, lemuel_mausoleum_altar_yredelemnul,
          grunt_temple_overflow_forces_of_nature, demons_altar,
          hiddenorc2_lemuel, serial_rivers, chequers_serial_rivers_small_b,
          chequers_serial_rivers_micro_c, chequers_serial_rivers_micro_c,
          chequers_serial_rivers_small_a, chequers_serial_rivers_small_3,
          chequers_serial_rivers_micro_c, kennysheep_generic_room_15
D:11:     layout_layer_cave, gauntlet_entry_generic, serial_shops,
          kennysheep_little_box, special_room [special_room_orc]
D:12:     layout_layer_cave, minivault_21, minmay_pinched_square
D:13:     layout_loops_ring, grunt_vaults_entry_fortified, hangedman_decor_push
D:14:     layout_rooms, minivault_16, tso_oasis_becter, uniq_azrael
D:15:     gammafunk_enter_depths_forms, layout_small_grid, grunt_decor_fettered,
          portal_ice_cave_entry_pillars_1, vehumet_altar_wand_db
Temple:   compressed_dpeg_triangle_lava_temple
Lair:1:   layout_small_grid, uniq_amaemon, uniq_nergalle, uniq_gastronok
Lair:2:   layout_layer_cave, minmay_snake_entry_six_corridors,
          serial_bayou_shore_b, serial_bayou_shore_a
Lair:3:   layout_roguey, skrybe_swamp_entry_bodies, grunt_megastairs_2,
          uniq_sonja
Lair:4:   layout_big_grid, enter_volcano_2, ebering_ghost_inner_flame,
          grunt_megastairs_1, lemuel_fruit_fields
Lair:5:   layout_long_grid, slime_altar_1, infiniplex_staircase_pool
Lair:6:   wormcave, layout_misc_corridors, guppyfry_lair_end_dragon,
          dreamdust_mushroom_princess
Swamp:1:  layout_falls_marsh, evilmike_swamp_ruin_house_1, swamp_pool5
Swamp:2:  gammafunk_mikee_crab_dinner, layout_falls_marsh,
          evilmike_swamp_ruin_wall, nicolae_swamp_triple_paths
Swamp:3:  layout_falls_marsh, nicolae_swamp_stair_fork
Swamp:4:  byrel_swamp_growth_death_and_undeath, layout_basic_swamp
Snake:1:  layout_misc_corridors, uniq_mlioglotl
Snake:2:  layout_chambers, nicolae_snake_salamander_stairs
Snake:3:  layout_basic, hangedman_snake_thin_pillar_pass,
          nicolae_wooded_promenade, uniq_bai_suzhen, uniq_aizul, uniq_mara
Snake:4:  snake_pit_salamanders_mu, layout_misc_corridors, drop_trap,
          minmay_shoptagon
Slime:1:  layout_caves
Slime:2:  layout_caves
Slime:3:  layout_caves
Slime:4:  layout_caves
Slime:5
Orc:1:    layout_caves, ebering_ghost_rock_garden, uniq_maurice
Orc:2:    grunt_orc_tribal_feast, layout_caves, gammafunk_ghost_fury_of_okawaru,
          nicolae_orc_sculptors_studio, mines2_lemuel
Elf:1:    eino_elf_arrival_sip, layout_onion_city, serial_shops, shop,
          minmay_elf_demonology, nicolae_concentric_dashed_squares_wild,
          nicolae_elf_big_sculpture_2, grunt_ministairs_13, minivault_15,
          nicolae_elf_shapeshifter_party
Elf:2:    nicolae_elf_blades_splatter_lattice
          [nicolae_blade_entry_splitting_headache], layout_geoelf_octagon,
          serial_shops, shop_fountains, nicolae_shop_waterfront, uniq_donald
Elf:3:    elf_hall_gauntlet_narrow, layout_loops_cross, uniq_louise
Vaults:1: nicolae_vaults_circle_grid_a, v_pattern_4,
          nicolae_vaults_windows_and_doors_thing, vaults_room_mumra_shop_pool,
          v_misc_11, hangedman_vaults_snaps, ontoclasm_vaults_claustrophobia,
          grunt_vaults_diagonal, vaults_room_pool, vaults_room_grid,
          layout_vaults_big_room
Vaults:2: ontoclasm_vaults_ring_small, ontoclasm_vaults_gallery,
          minmay_crypt_entry_simple_plaza, hangedman_vaults_capsules,
          nicolae_vaults_specimen_jars, vaults_dpeg_encased_lava, v_misc_10,
          nicolae_vaults_diagonal_hallway_8, ontoclasm_vaults_loading_screen,
          nicolae_vaults_asterisk, hangedman_vaults_corner, vaults_room_hallway,
          layout_vaults_ring, serial_shops, nicolae_shop_crystal, uniq_asterion
Vaults:3: v_misc_23, hangedman_vaults_trim, st_squares, v_pattern_2,
          vaults_room_octagon, nicolae_vaults_little_squares_2, v_misc_10,
          nicolae_vaults_network_star, v_misc_33,
          nicolae_vaults_network_periphery, vaults_room_ringed_pool,
          nicolae_vaults_little_ls, nicolae_vaults_rhombus_6,
          grunt_vaults_focal, layout_vaults_maze_bifur
Vaults:4: gammafunk_ghost_smash, ontoclasm_vaults_gateway,
          nicolae_vaults_statue_guard, nicolae_vaults_three_branches, v_misc_14,
          nicolae_vaults_ninety_degrees, v_misc_18, layout_vaults_quadrants,
          serial_shops, bzr_entry_road, shop, shop_statue, shop
Vaults:5
Depths:1: layout_cave_pools, hell_entry, minmay_misc_feat_columns, abyss_entry,
          st_stairs_5, fedhas_altar_fruit_tree, firewood_loft
Depths:2: minmay_the_grid_triangle_9x9_rhombus_full_mashed
          [minmay_the_grid_triangle_9x9_subtriangle,
          minmay_the_grid_triangle_9x9_descending_squares,
          minmay_the_grid_triangle_9x9_from_above,
          minmay_the_grid_triangle_9x9_corruption,
          minmay_the_grid_triangle_9x9_corrupted_corridor,
          minmay_the_grid_triangle_9x9_skeleton,
          minmay_the_grid_triangle_9x9_checkered,
          minmay_the_grid_triangle_9x9_prize_insulated], layout_honeycomb,
          serial_sigils_hangedman_quiver, abyss_entry,
          hangedman_tar_grid_catacomb, rand_demon_pan_entry_4, drop_trap,
          minmay_staircase_windowed_small
Depths:3: hangedman_elemental_death_ray, layout_cave_pools, enter_ziggurat_c,
          hell_entry, abyss_entry_flame_altar, kennysheep_generic_room_6,
          infiniplex_staircase_river, uniq_josephina, uniq_boris, uniq_margery
Depths:4: evilmike_zot_entry_argh, layout_cave_pools, serial_bayou_pond_d,
          hangedman_geh_valley, small_chamber_with_monster,
          nemelex_spade_bored_becter, uniq_sojobo
Zot:1:    layout_concentric_octagons
Zot:2:    layout_gridlike, st_small_dragon_hoard_3, nzn_random_ring
Zot:3:    layout_misc_corridors, nicolae_transmutations_shop

Skill      XL: |  1  2  3  4  5  6  7  8  9 10 11 12 13 14 15 16 17 18 19 20 21 22 23 24 25 |
---------------+----------------------------------------------------------------------------+-----
Dodging        | 2 3 5 6 8 10 | 10.0
Stealth        | 2 |  2.0
Spellcasting   | 3 5 6 7 9 10 11 12 13 14 15 17 21 22 23 | 23.0
Ice Magic      | 5 6 7 9 10 11 12 13 15 16 17 19 22 25 27 | 27.0
Conjurations   | 1 4 6 7 8 9 10 12 13 15 16 18 19 20 | 20.2
Earth Magic    | 1 4 6 7 8 9 10 12 13 | 13.6
Fighting       | 3 5 7 9 11 13 15 17 21 22 | 22.2
Shields        | 3 4 5 8 |  8.0
Summonings     | 2 5 |  5.0
Necromancy     | 3 |  3.8

Action                   |  1- 3 |  4- 6 |  7- 9 | 10-12 | 13-15 | 16-18 | 19-21 | 22-24 | 25-27 || total
-------------------------+-------+-------+-------+-------+-------+-------+-------+-------+-------++-------
Melee: Unarmed           |     1 |       |       |       |       |       |       |       |       ||     1
       Dagger            |     9 |    30 |    88 |   183 |   118 |       |       |       |       ||   428
       Tailslap          |       |     5 |    11 |    39 |    33 |     8 |     7 |    28 |     7 ||   138
       Punch             |       |       |     2 |       |       |       |       |       |       ||     2
       Staff             |       |       |       |       |    20 |    64 |    46 |   101 |    24 ||   255
Throw: Stone             |     7 |     5 |    19 |    30 |    10 |       |       |       |       ||    71
 Cast: Freeze            |    48 |    23 |    48 |    99 |    31 |     2 |     6 |       |       ||   257
       Frozen Ramparts   |     6 |    18 |    34 |    90 |    44 |    11 |     8 |       |       ||   211
       Ozocubu's Armour  |       |       |    11 |    22 |    17 |     3 |     3 |     6 |       ||    62
       Stone Arrow       |       |       |    19 |    56 |    43 |    10 |     4 |       |       ||   132
       Iron Shot         |       |       |       |     8 |    58 |    62 |    57 |    71 |     7 ||   263
       Ozocubu's Refrige |       |       |       |       |   311 |   226 |   419 |    74 |    11 ||  1041
       Orb of Destructio |       |       |       |       |     2 |     8 |     2 |     6 |       ||    18
       Fireball          |       |       |       |       |    10 |       |       |       |       ||    10
       Sublimation of Bl |       |       |       |       |       |    23 |     3 |       |       ||    26
       Lee's Rapid Decon |       |       |       |       |       |     6 |       |       |       ||     6
       Spellforged Servi |       |       |       |       |       |       |     6 |     5 |     1 ||    12
       Polar Vortex      |       |       |       |       |       |       |    65 |   151 |    17 ||   233
       Lehudib's Crystal |       |       |       |       |       |       |       |       |    22 ||    22
 Abil: Breathe Dispellin |       |       |     9 |    14 |    16 |     9 |     7 |     7 |     2 ||    64
Evoke: Wand              |       |       |       |     1 |     4 |       |     3 |       |       ||     8
       Lightning rod     |       |       |       |       |     1 |       |       |       |       ||     1
       Phial of floods   |       |       |       |       |     1 |       |       |       |       ||     1
  Use: Scroll            |       |       |    12 |     8 |    25 |     4 |     9 |     4 |     3 ||    65
       Potion            |       |       |       |     1 |     6 |     4 |     6 |       |       ||    17
Armor: Skin              |    11 |    22 |    49 |   159 |   168 |    78 |   193 |   197 |    41 ||   918
Dodge: Dodged            |    25 |    37 |    79 |   178 |   186 |    68 |   174 |   294 |    56 ||  1097
Block: Buckler           |       |       |       |    59 |    92 |    49 |    97 |   183 |    36 ||   516
       Reflection        |       |       |       |       |     5 |    13 |    10 |    22 |       ||    50

Table legend: (Time is in decaauts)
 A = Elapsed time spent in this place.
 B = Non-inter-level travel time spent in this place.
 C = Inter-level travel time spent in this place.
 D = Time resting spent in this place.
 E = Time spent auto-exploring this place.
 F = Levels seen in this place.
 G = Mean time per level.
                   A        B        C        D        E       F      G
               +--------+--------+--------+--------+--------+-----+--------+
         Total | 102779 |  98029 |   4750 |  44379 |  41994 |  57 | 1803.1 |
       Dungeon |  25874 |  24327 |   1547 |   8001 |  13516 |  15 | 1724.9 |
        Temple |    215 |    193 |     22 |      0 |    187 |   1 |  215.0 |
          Lair |  12658 |  11309 |   1349 |   3952 |   5681 |   6 | 2109.7 |
         Swamp |   6711 |   6612 |     99 |   3155 |   2790 |   4 | 1677.8 |
     Snake Pit |  11185 |  10916 |    269 |   5893 |   4286 |   4 | 2796.2 |
    Slime Pits |   8060 |   7829 |    231 |   5400 |   1792 |   5 | 1612.0 |
  Orcish Mines |   2059 |   1939 |    120 |    175 |   1427 |   2 | 1029.5 |
   Elven Halls |   9702 |   9478 |    224 |   5337 |   3218 |   3 | 3234.0 |
        Vaults |   9920 |   9391 |    529 |   4145 |   3879 |   5 | 1984.0 |
        Depths |   6913 |   6662 |    251 |   3094 |   2609 |   4 | 1728.2 |
           Zot |   6139 |   6035 |    104 |   3568 |   1819 |   3 | 2046.3 |
        Bazaar |     97 |     97 |      0 |      0 |     62 |   1 |   97.0 |
        Bailey |    522 |    522 |      0 |    185 |    182 |   1 |  522.0 |
      Ice Cave |    566 |    566 |      0 |    451 |     14 |   1 |  566.0 |
       Volcano |   1060 |   1060 |      0 |    614 |    188 |   1 | 1060.0 |
      Gauntlet |   1090 |   1090 |      0 |    408 |    340 |   1 | 1090.0 |
               +--------+--------+--------+--------+--------+-----+--------+

Top non-repeatable levels by time:
  Lair:6: 4638 daAuts
   Zot:2: 4549 daAuts
   Elf:2: 3950 daAuts
 Snake:4: 3706 daAuts
 Snake:2: 3585 daAuts
    D:10: 3447 daAuts
Vaults:3: 3184 daAuts
   Elf:1: 3136 daAuts
   Elf:3: 2616 daAuts
 Slime:4: 2526 daAuts
Vaults:1: 2513 daAuts
Depths:2: 2442 daAuts
 Swamp:2: 2354 daAuts
  Lair:2: 2332 daAuts
    D:15: 2255 daAuts
